[Event "Early-Titled-Tuesday-Blitz-November-28-2023"]
[Site "Chess.com"]
[Date "2023.11.28"]
[Round "8"]
[White "ElVital"]
[Black "DonCiao"]
[Result "1-0"]
[WhiteElo "2347"]
[BlackElo "2111"]
[TimeControl "180+1"]
[EndTime "9:34:42 PST"]
[Termination "ElVital won on time"]

1. c4 e5 2. Nc3 Bb4 3. g3 Bxc3 4. bxc3 Nf6 5. Bg2 O-O 6. d4 e4 7. Nh3 c6 8. d5 cxd5 9. cxd5 Qa5 10. O-O Qxd5 11.
Qc2 Qc6 12. Ba3 Re8 13. Rfd1 d5 14. Nf4 Nbd7 15. g4 h6 16. h3 Nb6 17. Rd4 Nc4 18.
Qb3 b5 19. Rad1 Be6 20. Bc1 a5 21. f3 e3 22. R1d3 Qd6 23. Qxb5 Reb8 24. Qa4 Rb1 25. Rd1 g5 26. Nxe6 Qxe6 27. f4 gxf4 28. Rxc4 Rab8 29. Rxf4 Ne4 30. Bxe4 dxe4 31. Qxe4 Qxa2 32. Qxe3 Qc2 33. Rff1 Rc8 34. Qd3 Qxc3 35. Qxc3 1-0

[Event "Early-Titled-Tuesday-Blitz-November-28-2023"]
[Site "Chess.com"]
[Date "2023.11.28"]
[Round "8"]
[White "Krakozia"]
[Black "Flawless_Fighter"]
[Result "1-0"]
[WhiteElo "2951"]
[BlackElo "2801"]
[TimeControl "180+1"]
[EndTime "9:34:43 PST"]
[Termination "Krakozia won on time"]

1. c4 e6 2. Nc3 d5 3. d4 Nf6 4. cxd5 Nxd5 5. e4 Nxc3 6. bxc3 c5 7. a3 cxd4 8. cxd4 e5 9. d5 Bd6 10. Bb5+ Nd7 11. a4 O-O 12. Ne2 Nc5 13. Ng3 a6 14. Be2 Bd7 15. O-O b5 16. axb5 axb5 17. Rb1 Rb8 18. Bd2 Qe7 19. Bg4 g6 20. Bxd7 Nxd7 21. Qg4 Kh8 22. Bg5 f6 23. Bh6 Rf7 24. Rfc1 b4 25.
h4 Qe8 26. h5 g5 27. Rc6 Be7 28. Nf5 b3 29. Rc7 Qd8 30. d6 Bf8 31. Qf3 b2 32. Qc3 Bxh6 33. Nxh6 Rf8 34. Qc4 Qe8 35. Qe2 Qe6 36.
Nf5 Nb6 37. Rxb2 Na4 38. Rxb8 Rxb8 39. Qc2 Nb2 40. Rxh7+ 1-0

[Event "Early-Titled-Tuesday-Blitz-November-28-2023"]
[Site "Chess.com"]
[Date "2023.11.28"]
[Round "8"]
[White "Tobias_Koelle"]
[Black "Sadykov_Ramil"]
[Result "1-0"]
[WhiteElo "2858"]
[BlackElo "2703"]
[TimeControl "180+1"]
[EndTime "9:34:43 PST"]
[Termination "Tobias_Koelle won by resignation"]

1. d4 d5 2. Bf4 Nf6 3. Nc3 a6 4.
e3 b5 5. h4 h5 6. Nf3 Bg4 7. Be2 e6 8. Ne5 Bxe2 9. Nxe2 Bd6 10.
Bg5 c5 11. c3 Nbd7 12. Nxd7 Qxd7 13. Nf4 Bxf4 14. Bxf4 cxd4 15. cxd4 Ne4 16. O-O Rc8 17. Qe2 g6 18. f3 Nd6 19. Rac1 O-O 20. b3 Nf5 21. g3 Rxc1 22. Rxc1 Rc8 23. Qd2 f6 24. Rxc8+ Qxc8 25. e4 Ne7 26. e5 f5 27.
Bg5 Qc7 28. Bf6 Kh7 29. Kf2 Ng8 30. Bg5 Kg7 31. Ke2 Kf7 32. Kd1 a5 33. Qd3 Qc6 34. Bd8 a4 35. Qc2 Qxc2+ 36. Kxc2 Ne7 37. Bxe7 Kxe7 38. bxa4 bxa4 39. f4 Kd7 40. Kc3 Kc6 41. Kb4 Kb6 42. Kxa4 Ka6 43. Kb4 Kb6 44. a3 Kc6 45. Ka5 Kc7 46. Kb5 Kb7 47. Kc5 Kc7 48. a4 Kd7 49. Kb6 Kc8 50. Kc6 1-0

[Event "Early-Titled-Tuesday-Blitz-November-28-2023"]
[Site "Chess.com"]
[Date "2023.11.28"]
[Round "8"]
[White "Zurability"]
[Black "GaiozNigalidze"]
[Result "0-1"]
[WhiteElo "2842"]
[BlackElo "2699"]
[TimeControl "180+1"]
[EndTime "9:34:43 PST"]
[Termination "GaiozNigalidze won by resignation"]

1. c4 g6 2. Nc3 Bg7 3. Nf3 d6 4. g3 Nf6 5. Bg2 O-O 6. O-O e5 7. d4 Nc6 8. h3 Re8 9. dxe5 Nxe5 10. Nxe5 dxe5 11. Qxd8 Rxd8 12. Be3 c6 13. Rfd1 Re8 14. Na4 Be6 15. Rac1 Bf8 16. Nc5 Bxc5 17. Bxc5 Nd7 18.
Be3 f6 19. b3 Kf7 20. Kf1 Ke7 21. Ke1 Red8 22. Kd2 Nb6+ 23. Kc3 Rxd1 24. Rxd1 Rd8 25. Rxd8 Kxd8 26. a4 Nc8 27. a5 Kc7 28. b4 b6 29.
g4 Nd6 30. c5 Nb5+ 31. Kd3 bxa5 32. bxa5 Bd5 33. f3 Na3 34. Bd2 Nc4 35. Bc3 Kd7 36.
h4 h6 37. e4 Be6 38. Bf1 g5 39. hxg5 hxg5 40. Be2 Na3 41. Bb4 Bc4+ 42. Ke3 Nc2+ 43. Kf2 Bxe2 0-1

[Event "Early-Titled-Tuesday-Blitz-November-28-2023"]
[Site "Chess.com"]
[Date "2023.11.28"]
[Round "8"]
[White "Jospem"]
[Black "Zhigalko_Sergei"]
[Result "1-0"]
[WhiteElo "3059"]
[BlackElo "2908"]
[TimeControl "180+1"]
[EndTime "9:34:45 PST"]
[Termination "Jospem won on time"]

1. e4 c5 2. Nc3 Nc6 3. Bb5 Nd4 4. Nf3 e6 5. Nxd4 cxd4 6. Ne2 Qg5 7. Bd3 Qxg2 8. Ng3 Qh3 9. Be2 Bd6 10. c3 Nf6 11. d3 dxc3 12. bxc3 O-O 13. Bg5 Bxg3 14. fxg3 d6 15. Qd2 e5 16. Bxf6 gxf6 17. Qe3 Be6 18. Kd2 Rfd8 19. Raf1 Kg7 20. Rf2 d5 21. Rhf1 dxe4 22.
Rxf6 exd3 23. Bd1 Rd5 24. Qg5+ Kh8 25. Rxf7 Bxf7 26. Qf6+ Kg8 27. Qxf7+ Kh8 28. Qf6+ Kg8 29. Bb3 Qd7 30. Rf5 1-0

[Event "Early-Titled-Tuesday-Blitz-November-28-2023"]
[Site "Chess.com"]
[Date "2023.11.28"]
[Round "8"]
[White "GlavkonVVS"]
[Black "LileKoridze"]
[Result "0-1"]
[WhiteElo "2518"]
[BlackElo "2391"]
[TimeControl "180+1"]
[EndTime "9:34:45 PST"]
[Termination "LileKoridze won by resignation"]

1. Nf3 Nf6 2. g3 b5 3. Bg2 Bb7 4. a4 b4 5. c4 c5 6. b3 d5 7. Bb2 e6 8. O-O d4 9. e3 Nc6 10. exd4 cxd4 11. Nxd4 Nxd4 12. Bxb7 Rb8 13. Bg2 Bc5 14.
d3 O-O 15. Nd2 Qd6 16. Nf3 Rfd8 17. Bxd4 Bxd4 18. Ra2 Bc3 19. d4 Bxd4 20. Rd2 e5 21.
Re1 Qc5 22. Rxe5 Bxf2+ 23. Kf1 Rxd2 24. Qxd2 Qb6 25. Qxf2 Qxf2+ 26. Kxf2 Ng4+ 27. Kf1 Nxe5 28. Nxe5 Rd8 29. c5 Rd1+ 30. Ke2 Rc1 31. c6 Kf8 32. Bd5 f6 33. Nc4 Ke7 34. Be4 g6 35. h4 Rc3 36.
h5 f5 37. hxg6 hxg6 38. Bd3 Rxb3 39. Ke3 Rc3 40. Kd4 Rc1 41. g4 fxg4 42. Bxg6 g3 43.
Be4 b3 44. a5 Kd8 45. a6 Rc2 46. Kd5 Rxc4 47. Kxc4 b2 48. Kb3 g2 49. Kxb2 g1=Q 0-1

[Event "Early-Titled-Tuesday-Blitz-November-28-2023"]
[Site "Chess.com"]
[Date "2023.11.28"]
[Round "8"]
[White "jcmesafischer"]
[Black "tetrix83"]
[Result "0-1"]
[WhiteElo "2339"]
[BlackElo "2537"]
[TimeControl "180+1"]
[EndTime "9:34:48 PST"]
[Termination "tetrix83 won on time"]

1. e4 c5 2. Nf3 d6 3. d4 cxd4 4. Nxd4 Nf6 5. Nc3 a6 6. Bg5 Nbd7 7. Bc4 Qb6 8. Bb3 e6 9. O-O Be7 10. Kh1 Nc5 11. f3 h6 12. Be3 Qc7 13. Qd2 b5 14. Rad1 Bb7 15. Nde2 O-O 16. a3 Rfd8 17. Ba2 d5 18. exd5 Nxd5 19. Nxd5 Bxd5 20. Bxd5 Rxd5 21. Qc1 Rad8 22. Nc3 Rxd1 23. Rxd1 Rxd1+ 24. Qxd1 Bf6 25. Bd4 Be7 26. Qe2 Nd7 27. Qe3 Nf6 28. Qe5 Qd8 29.
Ne4 Ne8 30. c3 Bf8 31. Qf4 f5 32. Nf2 Qd5 33. Qe3 Nd6 34. Nd3 Nc4 35. Qe2 Bd6 36. g3 e5 37. Bf2 e4 38. fxe4 fxe4 39. Nb4 Bxb4 40. axb4 e3+ 0-1

[Event "Early-Titled-Tuesday-Blitz-November-28-2023"]
[Site "Chess.com"]
[Date "2023.11.28"]
[Round "8"]
[White "chesstrainer2042"]
[Black "Zainullina_Nataliya"]
[Result "1-0"]
[WhiteElo "2486"]
[BlackElo "2202"]
[TimeControl "180+1"]
[EndTime "9:34:48 PST"]
[Termination "chesstrainer2042 won on time"]

1. b3 d5 2. Bb2 Nf6 3. e3 Bf5 4. Be2 e6 5. g4 Be4 6. f3 Bg6 7. h4 h5 8. g5 Nfd7 9. d3 c5 10. Nd2 Bd6 11. f4 Rg8 12. Bxh5 Bxh5 13. Qxh5 Nc6 14.
g6 f6 15. Qg4 Qe7 16. Ngf3 O-O-O 17. O-O-O Kb8 18. Kb1 e5 19. Rde1 Nb6 20. h5 c4 21.
fxe5 fxe5 22. dxc4 dxc4 23. Nxc4 Nxc4 24. Qxc4 Rc8 25. Qe4 Ba3 26. Ba1 Qc5 27. Nxe5 Ka8 28. Nc4 Rge8 29. Qg2 b5 30. Nxa3 Qxa3 31. Bb2 Qc5 32.
h6 gxh6 33. g7 a5 34. Rxh6 Ka7 35. Rh7 Rg8 36. Rd1 Nb4 37. Rd7+ 1-0

[Event "Early-Titled-Tuesday-Blitz-November-28-2023"]
[Site "Chess.com"]
[Date "2023.11.28"]
[Round "8"]
[White "GrumbleBruno"]
[Black "Kotlyar_K"]
[Result "1-0"]
[WhiteElo "2460"]
[BlackElo "2637"]
[TimeControl "180+1"]
[EndTime "9:34:51 PST"]
[Termination "GrumbleBruno won by resignation"]

1. e4 e5 2. Nf3 Nc6 3. Bb5 a6 4. Ba4 Nf6 5. d4 b5 6. dxe5 bxa4 7. exf6 Qxf6 8. Nc3 a3 9. Nd5 Qd8 10. bxa3 Be7 11.
Bb2 O-O 12. Qd2 f6 13. O-O Rb8 14. Qc3 Bd6 15. Rad1 Ne5 16. Nd4 c6 17. Ne3 Qb6 18. Nb3 Be7 19. Nc4 Nxc4 20. Qxc4+ Kh8 21. Rd2 Qc7 22.
Rfd1 Qf4 23. Qd4 Rb5 24. g3 Qg4 25. Qe3 Re8 26. f3 Qh5 27. Bd4 d5 28. Bc5 Be6 29. Bxe7 Rxe7 30. Nd4 Rb8 31. exd5 cxd5 32. Nxe6 Rbe8 33.
Rxd5 Rxe6 34. Qxe6 Rxe6 35. Rxh5 1-0

[Event "Early-Titled-Tuesday-Blitz-November-28-2023"]
[Site "Chess.com"]
[Date "2023.11.28"]
[Round "8"]
[White "viktorskliarov"]
[Black "RobertoJBM"]
[Result "0-1"]
[WhiteElo "2638"]
[BlackElo "2815"]
[TimeControl "180+1"]
[EndTime "9:34:53 PST"]
[Termination "RobertoJBM won by resignation"]

1. e4 c6 2. d4 d5 3. e5 Bf5 4.
Nf3 e6 5. Be2 Nd7 6. O-O Bg6 7.
a4 Rc8 8. a5 a6 9. Be3 Ne7 10.
Nbd2 Nf5 11. c4 Nxe3 12. fxe3 Be7 13. Qb3 Rc7 14. Bd3 O-O 15. Bxg6 hxg6 16. e4 dxc4 17. Nxc4 Re8 18. Rac1 Nf8 19. Qe3 c5 20. Nb6 cxd4 21. Qxd4 Bc5 22. Qxc5 Rxc5 23. Rxc5 Nd7 24. Nxd7 Qxd7 25.
Rfc1 Qa4 26. h4 f6 27. exf6 gxf6 28. h5 gxh5 29. Rxh5 Re7 30. Rc8+ Kg7 31. Rch8 Qxe4 32. Kh2 Rd7 33. Kh3 Rd5 34. R8h7+ Qxh7 35. Rxh7+ Kxh7 0-1

[Event "Early-Titled-Tuesday-Blitz-November-28-2023"]
[Site "Chess.com"]
[Date "2023.11.28"]
[Round "8"]
[White "kai_nov"]
[Black "Shivananda1964"]
[Result "0-1"]
[WhiteElo "2232"]
[BlackElo "2395"]
[TimeControl "180+1"]
[EndTime "9:34:54 PST"]
[Termination "Shivananda1964 won by checkmate"]

1. d4 Nf6 2. Nc3 b5 3. Nxb5 c5 4. dxc5 Qa5+ 5. Nc3 e6 6. Nf3 Bxc5 7. e3 O-O 8. Bd3 Bb7 9. O-O Nc6 10. Bd2 Qc7 11. e4 Ng4 12. h3 Nge5 13. Nb5 Qb8 14. Nxe5 Nxe5 15. b4 Bb6 16. a4 a5 17. bxa5 Bxa5 18. Bxa5 Rxa5 19. f4 Ng6 20. Qd2 Qa8 21. Nd6 Bc6 22. f5 Ne5 23. f6 Qa7+ 24. Kh1 Qd4 25.
fxg7 Rb8 26. Qxa5 Qxd6 27. Rab1 Ra8 28. Qc3 Rxa4 29. Ra1 Rd4 30. Rfd1 h5 31. Rab1 h4 32. Be2 Rxd1+ 33. Rxd1 Qb8 34. Qd4 Kxg7 35. c4 f6 36. c5 Qb3 37. Qd6 Kf7 38. Qd2 Qg3 39. Qh6 Bxe4 40.
Qh7+ Bxh7 41. c6 Be4 42. Rg1 Qxh3# 0-1

[Event "Early-Titled-Tuesday-Blitz-November-28-2023"]
[Site "Chess.com"]
[Date "2023.11.28"]
[Round "8"]
[White "IM_ArthurDW08"]
[Black "TigrVShlyape"]
[Result "0-1"]
[WhiteElo "2796"]
[BlackElo "2981"]
[TimeControl "180+1"]
[EndTime "9:34:55 PST"]
[Termination "TigrVShlyape won on time"]

1. e4 c5 2. Nf3 e6 3. d4 cxd4 4. Nxd4 a6 5. h4 Nc6 6. Nc3 Qc7 7. Be3 Nf6 8. a3 b5 9. Nxc6 dxc6 10. h5 e5 11. h6 g6 12. Bg5 Be7 13. Qf3 Ng4 14.
Bxe7 Qxe7 15. Be2 O-O 16. Qg3 Nf6 17. O-O a5 18. f4 exf4 19. Qxf4 Nd7 20. Bg4 Ne5 21.
Bxc8 Raxc8 22. Rad1 Rcd8 23. Ne2 f6 24. Nd4 b4 25.
axb4 axb4 26. Kh1 Rd6 27. Nf5 gxf5 28. Qg3+ Kf7 29. Rxd6 Qxd6 30. Qg7+ Ke8 31. Ra1 Rf7 32. Ra8+ Ke7 33. Ra7+ Nd7 34. Qg8 fxe4 0-1

[Event "Early-Titled-Tuesday-Blitz-November-28-2023"]
[Site "Chess.com"]
[Date "2023.11.28"]
[Round "8"]
[White "Alexsur1981"]
[Black "Hasangatin_Ramil"]
[Result "1-0"]
[WhiteElo "2897"]
[BlackElo "2693"]
[TimeControl "180+1"]
[EndTime "9:34:56 PST"]
[Termination "Alexsur1981 won on time"]

1. e4 c5 2. Nc3 e6 3. Nf3 Nc6 4.
Bb5 Nd4 5. Nxd4 cxd4 6. Ne2 Qg5 7. Bd3 Qxg2 8. Ng3 Qh3 9. c3 Bc5 10. b4 Bb6 11. Bb2 Ne7 12. a4 Ng6 13. cxd4 Nf4 14.
Qf3 Qh4 15. Bc2 d5 16. e5 Bd7 17. Bc3 O-O 18. O-O-O Rac8 19. Kb2 Ng6 20. Qe3 Rc4 21. Ne2 Rfc8 22. Bb3 R4c6 23. f4 Ne7 24. Ng3 Bd8 25.
b5 R6c7 26. Rhg1 g6 27. Rg2 a6 28. b6 Rc6 29. a5 Rc4 30. Ra1 Bb5 31. Qf2 R4c6 32.
f5 exf5 33. Rag1 f4 34. Ne2 Qxf2 35. Rxf2 Bxe2 36. Rxe2 Rc4 37. Rf2 R8c6 38. Rxf4 Kg7 39. Bxc4 dxc4 40. Rgf1 Nf5 41. d5 Rc5 42. d6 Rd5 43.
e6+ 1-0

[Event "Early-Titled-Tuesday-Blitz-November-28-2023"]
[Site "Chess.com"]
[Date "2023.11.28"]
[Round "8"]
[White "Kotofeyca"]
[Black "Gyulamiryan-koryun"]
[Result "1-0"]
[WhiteElo "2447"]
[BlackElo "1942"]
[TimeControl "180+1"]
[EndTime "9:34:56 PST"]
[Termination "Kotofeyca won on time"]

1. d4 Nf6 2. c4 c5 3. Nf3 g6 4. Nc3 cxd4 5. Nxd4 Bg7 6. g3 O-O 7. Bg2 Nc6 8. O-O Ng4 9. e3 Nxd4 10. exd4 d6 11. b3 Qb6 12. Ne2 a5 13. Bb2 Nf6 14. Nc3 Bd7 15. Qd2 a4 16. Qc2 a3 17. Bc1 Qxd4 18. Be3 Qe5 19. Rae1 Qa5 20. Bxb7 Rab8 21. Bg2 Ng4 22. Bd2 Bf5 23. Qc1 Bd3 24. Ne2 Qe5 25. Bc3 Qf5 26. Bxg7 Kxg7 27. Qd2 Ne5 28. Nd4 Qd7 29. Re3 Bxf1 30. Kxf1 f6 31. f4 Ng4 32.
Ne6+ Kg8 33. Nxf8 Nxe3+ 34. Qxe3 1-0

[Event "Early-Titled-Tuesday-Blitz-November-28-2023"]
[Site "Chess.com"]
[Date "2023.11.28"]
[Round "8"]
[White "LUISMIGUELOV"]
[Black "KorolDimitriy75"]
[Result "0-1"]
[WhiteElo "2210"]
[BlackElo "2318"]
[TimeControl "180+1"]
[EndTime "9:34:56 PST"]
[Termination "KorolDimitriy75 won on time"]

1. e4 c5 2. Nf3 d6 3. d4 cxd4 4. Nxd4 Nf6 5. Be3 g6 6. Nc3 Bg7 7. f3 O-O 8. Qd2 Nc6 9. Bc4 Bd7 10. O-O-O Qa5 11. Kb1 Rfc8 12. Bb3 Ne5 13. h4 b5 14.
h5 Nc4 15. Bxc4 bxc4 16. hxg6 fxg6 17. Bh6 Bh8 18. Nd5 Qxd2 19. Nxf6+ Bxf6 20. Rxd2 c3 21. Rd3 cxb2 22. Be3 Rc4 23. g4 Rac8 24. Rh2 Ba4 25. Nb3 Rc3 26. Rxc3 Rxc3 27. Bd4 Rxf3 28. Bxf6 Rxf6 29. Kxb2 Rf4 30. g5 Rxe4 31. Rg2 Bxb3 32.
axb3 a5 33. Rg1 a4 34. bxa4 Rxa4 35. Kc3 Re4 36. Kd3 Re5 37. c4 Kf7 38. Kd4 Ke6 39. Rh1 Rxg5 40. Rxh7 Rg4+ 41. Kd3 Kf6 42. Rh8 g5 43.
Rf8+ Ke5 44. Rg8 Rg3+ 45. Ke2 Rg4 46. Kd3 e6 47. Rg6 Kf5 48. Rg8 Rg3+ 49. Kd4 e5+ 50. Kd5 Rd3+ 51. Kc6 Rd4 52. c5 dxc5 53. Kxc5 g4 54. Rf8+ Ke4 55. Rg8 Kf3 0-1

[Event "Early-Titled-Tuesday-Blitz-November-28-2023"]
[Site "Chess.com"]
[Date "2023.11.28"]
[Round "8"]
[White "Truequitos"]
[Black "Laico"]
[Result "1-0"]
[WhiteElo "2499"]
[BlackElo "2337"]
[TimeControl "180+1"]
[EndTime "9:34:58 PST"]
[Termination "Truequitos won on time"]

1. d4 e6 2. Nf3 f5 3. d5 b6 4.
dxe6 dxe6 5. Qxd8+ Kxd8 6. e4 Nf6 7. exf5 exf5 8. Bc4 Bd6 9. O-O Bb7 10. Ng5 Re8 11.
Nc3 Bb4 12. Bf4 Bxc3 13. Rad1+ Nbd7 14. bxc3 Ne4 15. Ne6+ Ke7 16. Nxc7 Rac8 17. Bb5 Red8 18. f3 Nxc3 19. Bg5+ Nf6 20. Rfe1+ Kf7 21. Rxd8 Rxd8 22.
Ne6 Rd6 23. Bc4 Bd5 24. Bxd5 Rxd5 25. a3 h6 26. Bc1 g5 27. h4 Nh7 28. hxg5 hxg5 29. Nxg5+ Nxg5 30. Bxg5 Rd7 31. Bf4 Nb5 32. a4 Nd4 33. c3 Ne6 34. Be5 Rd2 35. Ra1 f4 36. a5 b5 37. Rb1 a6 38. Rb4 Ra2 39.
Bxf4 Rxa5 40. Be5 Ra2 41. Rh4 Re2 42. f4 Kg6 43. g4 Nc5 44. Rh5 Ne4 45. f5+ Kf7 46.
Rh7+ Kg8 47. Rg7+ Kf8 48. f6 1-0

[Event "Early-Titled-Tuesday-Blitz-November-28-2023"]
[Site "Chess.com"]
[Date "2023.11.28"]
[Round "8"]
[White "liczner"]
[Black "Alexchess1984"]
[Result "0-1"]
[WhiteElo "2871"]
[BlackElo "2721"]
[TimeControl "180+1"]
[EndTime "9:34:59 PST"]
[Termination "Alexchess1984 won on time"]

1. e4 c5 2. Nf3 Nc6 3. d4 cxd4 4. Nxd4 g6 5. Be2 Bg7 6. Nb3 Nf6 7. Nc3 O-O 8. O-O d6 9. Re1 Rb8 10. Bf1 a6 11. a4 Nd7 12. a5 Nc5 13. Nxc5 dxc5 14. Bf4 Be5 15. Bxe5 Nxe5 16. Qxd8 Rxd8 17. Na4 c4 18. Re3 Be6 19. Nb6 Rd2 20. Rc3 Rbd8 21. f4 Nc6 22. Nxc4 Bxc4 23. Rxc4 Nd4 24. Bd3 Ne2+ 25.
Kh1 Nxf4 26. Bf1 Rf2 27. g3 Ne6 28. Bd3 Nd4 29. Rf1 Rxf1+ 30. Bxf1 Nc6 31. b4 Rd2 32. c3 Ne5 33. Rc8+ Kg7 34. h4 Nf3 35. Bg2 Rd1+ 36.
Bf1 Rxf1+ 37. Kg2 Nd2 38. Rd8 Rd1 39. c4 Kf6 40. b5 Nxc4 41. e5+ Kxe5 0-1

[Event "Early-Titled-Tuesday-Blitz-November-28-2023"]
[Site "Chess.com"]
[Date "2023.11.28"]
[Round "8"]
[White "FARIZA2018"]
[Black "RamonManon0g"]
[Result "1-0"]
[WhiteElo "2538"]
[BlackElo "2350"]
[TimeControl "180+1"]
[EndTime "9:34:59 PST"]
[Termination "FARIZA2018 won by resignation"]

1. e4 c5 2. Nf3 d6 3. d4 cxd4 4.
Nxd4 Nf6 5. Nc3 a6 6. f4 Nbd7 7. Bd3 e5 8. Nf3 Be7 9. O-O O-O 10. a4 Qc7 11. Kh1 Nc5 12. f5 b6 13.
Bg5 Bb7 14. Bxf6 Bxf6 15. Qe2 Rad8 16. Bc4 Qd7 17. Bd5 Rc8 18. Bxb7 Qxb7 19. Nd5 Nd7 20. Rad1 Rc5 21. c3 b5 22. a5 Bd8 23. g4 f6 24.
b4 Rc4 25. Nd2 Rc8 26. Rf3 Nb8 27. Nf1 Nc6 28. Rfd3 Ne7 29. Nxe7+ Bxe7 30. Qf3 Rc4 31. Ne3 Rxe4 32. Nd5 Rc4 33. Nxf6+ Bxf6 34. Qxb7 e4 35. Re3 Bxc3 36. Rxe4 Rxb4 37. Rxd6 Rb1+ 38. Kg2 Rb2+ 39. Kh3 Rb3 40. Re3 1-0

[Event "Early-Titled-Tuesday-Blitz-November-28-2023"]
[Site "Chess.com"]
[Date "2023.11.28"]
[Round "8"]
[White "parintele_chess"]
[Black "millenium19"]
[Result "0-1"]
[WhiteElo "2205"]
[BlackElo "2480"]
[TimeControl "180+1"]
[EndTime "9:34:59 PST"]
[Termination "millenium19 won by resignation"]

1. d4 Nf6 2. Nf3 e6 3. Bf4 d5 4. e3 Bd6 5. Nbd2 O-O 6. Bg3 c5 7. c3 Qc7 8. Bxd6 Qxd6 9. Ne5 Nc6 10. f4 Nd7 11. Bd3 f5 12. O-O cxd4 13. cxd4 Ncxe5 14.
fxe5 Qe7 15. Rc1 Qg5 16. Qe2 Rf7 17. Rf3 Nf8 18. Rg3 Qh6 19. Nf3 Bd7 20. Rh3 Qg6 21.
Rg3 Qh6 22. Rh3 Qg6 23. Rg3 Qh5 24. Rh3 Qg4 25. Rh4 Qg6 26. Rf1 h6 27. Nd2 Nh7 28. Rf3 Ng5 29. Rg3 Rc8 30. Nf3 Rc1+ 31. Kf2 Ba4 32. b3 Be8 33. Nxg5 hxg5 34. Rh5 g4 35. Rh4 Qg5 36. Qd2 Rh1 37. Qc3 Qxh4 38. Qc8 Rf8 39.
Qxe6+ Bf7 40. Qe7 Qxe7 0-1

[Event "Early-Titled-Tuesday-Blitz-November-28-2023"]
[Site "Chess.com"]
[Date "2023.11.28"]
[Round "8"]
[White "karinachess1"]
[Black "MeesvanOsch"]
[Result "1-0"]
[WhiteElo "2582"]
[BlackElo "2405"]
[TimeControl "180+1"]
[EndTime "9:35:01 PST"]
[Termination "karinachess1 won by resignation"]

1. d4 Nf6 2. c4 e6 3. Nc3 b6 4. Nf3 Bb7 5. g3 Bb4 6. Bg2 O-O 7. O-O d5 8. Ne5 Nbd7 9. Qa4 Bxc3 10. bxc3 Nxe5 11.
dxe5 Qd7 12. Qc2 Ne4 13. Ba3 Rfd8 14. Rad1 Nc5 15. e4 Qa4 16. Qxa4 Nxa4 17. exd5 exd5 18. Rd3 c6 19. cxd5 Ba6 20. Rfd1 Bxd3 21. Rxd3 cxd5 22. Bxd5 Rac8 23. c4 Nc5 24. Rf3 Ne6 25. Bd6 Rd7 26. h4 h5 27. Kg2 g6 28. Rf6 Kg7 29. a4 Nd4 30. Rf4 Nf5 31. Bb4 Re8 32. Bc3 Kh7 33.
Kh3 Rc8 34. e6 Rxd5 35. cxd5 Rxc3 36. Rxf5 fxe6 37. Rf7+ Kg8 38. dxe6 a5 39. Rb7 Rc6 40. Rb8+ Kg7 41. e7 Re6 42. e8=Q Rxe8 43. Rxe8 1-0

[Event "Early-Titled-Tuesday-Blitz-November-28-2023"]
[Site "Chess.com"]
[Date "2023.11.28"]
[Round "8"]
[White "elohunter1999"]
[Black "kuli4ik"]
[Result "0-1"]
[WhiteElo "2718"]
[BlackElo "2877"]
[TimeControl "180+1"]
[EndTime "9:35:03 PST"]
[Termination "kuli4ik won on time"]

1. c4 b6 2. Nc3 Bb7 3. Nf3 Bxf3 4.
exf3 c5 5. d4 Nc6 6. d5 Nd4 7.
Bd3 g6 8. h4 h5 9. Bg5 Bg7 10. d6 Nf6 11. O-O exd6 12. Re1+ Ne6 13. f4 O-O 14. f5 gxf5 15. Bxf5 Re8 16. Qxd6 Nd4 17. Bd3 Re6 18. Qf4 Qb8 19. Qd2 Ng4 20. Bf4 Be5 21. Nd5 Bxf4 22. Nxf4 Qd6 23. Rxe6 fxe6 24.
f3 Rf8 25. fxg4 Rxf4 26. gxh5 Rg4 27. Rf1 Qg3 28. Qf2 Qxf2+ 29. Rxf2 Rxh4 30. Bg6 Nc6 31. Rf7 Ne5 32. Re7 Rxc4 33. Bh7+ Kf8 34. h6 Kxe7 35. g3 Rg4 36. Bg6 Rxg3+ 37. Kh2 Rxg6 0-1

[Event "Early-Titled-Tuesday-Blitz-November-28-2023"]
[Site "Chess.com"]
[Date "2023.11.28"]
[Round "8"]
[White "Pendos666"]
[Black "MITerryble"]
[Result "0-1"]
[WhiteElo "2802"]
[BlackElo "2958"]
[TimeControl "180+1"]
[EndTime "9:35:05 PST"]
[Termination "MITerryble won by resignation"]

1. e4 e6 2. d4 d5 3. Nd2 Be7 4.
Ngf3 Nf6 5. Bd3 c5 6. exd5 Qxd5 7. dxc5 Qxc5 8. Qe2 Nbd7 9. O-O Qc7 10. Ne4 O-O 11. Bg5 b6 12. Nxf6+ Nxf6 13. c4 Bb7 14. Rad1 Rac8 15.
Ne5 g6 16. Rfe1 Nh5 17. Bh6 Bf6 18. Nd7 Rfe8 19. Nxf6+ Nxf6 20. h3 e5 21. Bg5 Qc6 22. f3 e4 23. fxe4 Nxe4 24. Bxe4 Rxe4 25. Qxe4 Qxe4 26.
Rxe4 Bxe4 27. b3 Kg7 28. Rd6 Bf5 29. Bf6+ Kh6 30. g4 Be6 31. a4 g5 32. Bd4 Kg6 33. Kg2 h5 34. Kg3 Re8 35. c5 bxc5 36. Bxc5 Rc8 37. gxh5+ Kxh5 38. b4 a5 39. Rd4 axb4 40.
Bxb4 Rc1 41. a5 Rg1+ 42. Kh2 Ra1 43. Bd2 Ra3 44. h4 g4 45. Rb4 g3+ 46. Kg2 Bd5+ 47. Kh3 g2+ 48. Kh2 Rh3+ 49. Kg1 Rh1+ 0-1

[Event "Early-Titled-Tuesday-Blitz-November-28-2023"]
[Site "Chess.com"]
[Date "2023.11.28"]
[Round "8"]
[White "Pastore1978"]
[Black "GMJustin"]
[Result "0-1"]
[WhiteElo "2425"]
[BlackElo "2305"]
[TimeControl "180+1"]
[EndTime "9:35:06 PST"]
[Termination "GMJustin won by checkmate"]

1. e4 e5 2. Nf3 Nc6 3. Nc3 Nf6 4. a3 h6 5. d4 exd4 6. Nxd4 Bc5 7. Nb3 Bb6 8. Qe2 d6 9. Be3 O-O 10. f3 Re8 11. O-O-O Be6 12. Bxb6 axb6 13. Qd2 Nd7 14. Nd4 Nxd4 15. Qxd4 Qf6 16. Qxf6 Nxf6 17. Nb5 Re7 18. h4 d5 19. e5 Nh5 20. Rd4 Ng3 21. Rg1 Rc8 22. Rd2 Bd7 23. f4 Nxf1 24. Nc3 Nxd2 25.
Nxd5 Ree8 26. Kxd2 Bc6 27. Ne3 Rcd8+ 28. Kc3 f6 29.
Ng4 h5 30. Ne3 fxe5 31. f5 e4 32. g4 Re5 33. g5 Rc5+ 34. Kb3 Rd4 35. c3 Rd3 36.
Nc2 Bd5+ 37. Kb4 Rc4+ 38. Kb5 Rd2 39. Nd4 Rxb2+ 40. Nb3 Rxb3# 0-1

[Event "Early-Titled-Tuesday-Blitz-November-28-2023"]
[Site "Chess.com"]
[Date "2023.11.28"]
[Round "8"]
[White "giomar27"]
[Black "GothamChess"]
[Result "0-1"]
[WhiteElo "2429"]
[BlackElo "2657"]
[TimeControl "180+1"]
[EndTime "9:35:08 PST"]
[Termination "GothamChess won by checkmate"]

1. e4 Nc6 2. Nf3 e5 3. Bc4 f5 4. d4 fxe4 5. Nxe5 Nf6 6. O-O d5 7. Bb5 Qd6 8. f3 Bf5 9. Bf4 a6 10. Ng6 hxg6 11. Bxd6 Bxd6 12. Bxc6+ bxc6 13. g3 exf3 14. Qxf3 Ng4 15. h4 Kd7 16. Nc3 Raf8 17. Rae1 Nf6 18.
Na4 Ne4 19. Nc5+ Nxc5 20. dxc5 Bxc5+ 21. Kh2 Bd6 22. Kg1 Bc5+ 23. Kh2 Bd6 24. Kg1 g5 25. Qc3 g6 26. hxg5 Rh7 27. Kf2 Bd3+ 28. Kg2 Bf5 29. Kf2 Be4+ 30. Ke2 Rh2+ 31. Kd1 Re8 32. Rf7+ Kc8 33.
Qa5 Kb7 34. Qa4 c5 35. Qb3+ Kc6 36. Qa4+ Kb6 37. Qb3+ Ka7 38. Qa4 Re5 39. Qc6 Bxc2+ 40. Kc1 Rxe1# 0-1

[Event "Early-Titled-Tuesday-Blitz-November-28-2023"]
[Site "Chess.com"]
[Date "2023.11.28"]
[Round "8"]
[White "zajka-molotok"]
[Black "Good_Knight_Kiss"]
[Result "1-0"]
[WhiteElo "2504"]
[BlackElo "2342"]
[TimeControl "180+1"]
[EndTime "9:35:09 PST"]
[Termination "zajka-molotok won by checkmate"]

1. g3 Nf6 2. Bg2 g6 3. e4 d6 4.
d4 Bg7 5. Nc3 O-O 6. Nge2 c5 7.
dxc5 dxc5 8. Qxd8 Rxd8 9. e5 Ng4 10. f4 Nc6 11. h3 Nh6 12. Bxc6 bxc6 13. Be3 f6 14.
exf6 Bxf6 15. g4 Bd4 16. Rd1 Ba6 17. Bxd4 Bxe2 18. Nxe2 cxd4 19. Rxd4 Nf7 20. Kf2 e5 21. fxe5 Nxe5 22. Rhd1 Rf8+ 23. Kg2 Rf6 24. Rf4 Raf8 25.
Rxf6 Rxf6 26. Rd8+ Kg7 27. Ra8 Rf7 28. Nd4 Rb7 29.
b3 Kf6 30. Rc8 Rb6 31. Rc7 h5 32. gxh5 gxh5 33. Rxa7 c5 34. Nf3 c4 35. Nxe5 cxb3 36. axb3 Kxe5 37. Ra5+ Kd4 38. Rxh5 Rc6 39. Rh4+ Kc3 40.
Rc4+ Rxc4 41. bxc4 Kxc4 42. h4 Kc3 43. h5 Kxc2 44.
h6 Kd3 45. h7 Ke4 46. h8=Q Kf5 47. Qd4 Ke6 48. Qc5 Kd7 49. Qb6 Kc8 50. Qa7 Kd8 51.
Kf3 Kc8 52. Kf4 Kd8 53. Ke5 Ke8 54. Ke6 Kd8 55. Qd7# 1-0